 Dungeon Crawl Stone Soup version 0.28-a0-998-gb9e9c7b67e (webtiles) character file.

Game seed: 12540298269328641068

1134 tilp the Covert (level 8, 33/33 HPs)
             Began as a Felid Ice Elementalist on Dec 5, 2021.
             Was an Elder of Ru.
             Quit the game on level 8 of the Dungeon.
             The game lasted 00:17:25 (14098 turns).

tilp the Covert (Felid Ice Elementalist)           Turns: 14098, Time: 00:17:25

Health: 33/33      AC:  2    Str:  4    XL:     8   Next: 14%
Magic:  18/18      EV: 15    Int: 20    God:    Ru [****..]
Gold:   432        SH:  0    Dex: 17    Spells: 6/19 levels left
                                        Lives:  0   Deaths: 2

rFire   . . .      SeeInvis +     - Unarmed
rCold   . . .      Faith    .   (shield unavailable)
rNeg    . . .      Spirit   .   (armour unavailable)
rPois   +          Reflect  .   (helmet unavailable)
rElec   .          Harm     .   (cloak unavailable)
rCorr   .          Rampage  .   (gloves unavailable)
Will    .....                   (boots unavailable)
Stlth   +++++.....              n - amulet of magic regeneration
HPRegen 0.11/turn               l - ring of flight
MPRegen 0.56/turn               g - ring of poison resistance

@: flying, quick
A: very small, claws 1, fangs 3, see invisible, speed 1, shaggy fur 2, inability
to train dodging, weak-willed 1, stealthy paws, no weapons or thrown items, no
armour, multi-lived
a: Renounce Religion, Draw Out Power, Power Leap


You were on level 8 of the Dungeon.
You worshipped Ru.
Ru was greatly pleased with you.
You visited 1 branch of the dungeon, and saw 9 of its levels.

You collected 432 gold pieces.

Inventory:

Jewellery
 g - a ring of poison resistance (right paw)
 l - a ring of flight (left paw)
 n - an amulet of magic regeneration (around neck)
Wands
 h - a wand of mindburst (10)
 t - a wand of digging (6)
Scrolls
 c - 3 scrolls of vulnerability
 p - 4 scrolls of teleportation
Potions
 a - 2 potions of cancellation
 b - a potion of might
 d - 3 potions of heal wounds
 e - 3 potions of resistance
 f - 4 potions of brilliance
 i - a potion of berserk rage
 j - a potion of curing {unknown}
 k - a potion of mutation {unknown}
 m - a potion of magic {unknown}
 q - 2 potions of ambrosia {unknown}


   Skills:
 - Level 2.0 Fighting
 - Level 10.0 Stealth
 - Level 4.0 Unarmed Combat
 - Level 6.0 Spellcasting
 + Level 4.5 Conjurations
 - Level 4.0 Translocations
 + Level 7.6 Ice Magic


You had 6 spell levels left.
You knew the following spells:

 Your Spells              Type           Power      Damage    Failure   Level
a - Freeze                Ice            100%       1d11      1%          1
b - Frozen Ramparts       Ice            72%        1d9       1%          3
c - Ozocubu's Armour      Ice            36%        N/A       1%          3
d - Hailstorm             Conj/Ice       30%        3d8       9%          4
e - Blink                 Tloc           44%        N/A       3%          2

Your spell library contained the following spells:

 Spells                   Type           Power      Damage    Failure   Level
 Lesser Beckoning         Tloc           22%        N/A       6%          3
 Sting                    Tmut/Pois      24%        1d4       11%         1
 Dazzling Flash           Conj/Hex       30%        N/A       12%         3
 Poisonous Vapours        Pois/Air       12%        N/A       16%         2
 Manifold Assault         Tloc           22%        N/A       50%         5
 Olgreb's Toxic Radiance  Pois           6%         N/A       71%         4
 Agony                    Necr           6%         N/A       96%         5
 Silence                  Hex/Air        3%         N/A       96%         5


Dungeon Overview and Level Annotations

Branches:
Dungeon (9/15)             Temple (0/1) D:7
   Lair: D:8-11         Orc: D:9-12

Altars:
Fedhas
Nemelex Xobeh
Ru
Xom
The Shining One
Beogh

Annotations:
D:3 1 runed translucent door, Tenar's ghost, amateur DsEE
D:4 exclusion: ogre
D:6 3 runed translucent doors, exclusions: centaur and ogre, Athor's ghost, novice VSBr
D:8 exclusion: 3 wolves, Grum; Joseph


Innate Abilities, Weirdness & Mutations

You have sharp claws.
You have razor-sharp teeth.
You have supernaturally acute eyesight. (SInv)
You cover ground quickly. (Speed+)
You are covered in thick fur. (AC +2)
You cannot train Dodging skill.
You are slightly weak-willed. (Will-)
Your paws help you pounce on unaware monsters.
You are incapable of wielding weapons or throwing items.
You cannot wear armour.
You gain extra lives every three experience levels.


Message History

Unknown command.
As you read the scroll labelled GEBBES ZELIASS, it crumbles to dust.
It is a scroll of enchant armour.
You aren't carrying any armour which can be enchanted further.
Okay, then.
Unknown command.
(D) Dungeon (T) Temple
Where to? (Enter - D:7, ? - help)
You fly downwards.
Level annotation: exclusion: 3 wolves, Grum; Joseph
There is a stone staircase leading up here.
Key pressed, stopping travel.
(D) Dungeon (T) Temple
Where to? (Enter - D:8, ? - help)
There is a stone staircase leading down here.
You fly downwards.
The orc wizard shouts!
The orc shouts!
The orc priest shouts!
Found 27 gold pieces, a war axe and a scroll of enchant weapon.
Found a stone staircase leading down.
There is a stone staircase leading up here.
There are monsters nearby!
Unknown command.
The orc warrior hits you with a +0 glaive!
The orc priest invokes the aid of Beogh against you.
Beogh smites you!
* * * LOW HITPOINT WARNING * * *
You fly upwards.
Level annotation: exclusion: 3 wolves, Grum; Joseph
There is a stone staircase leading down here.
Casting: Freeze (safe; 1% risk of failure)
Confirm with . or Enter, or press ? or * to list all spells.
You blink.
The orc warrior barely misses you.
Unknown command.
The orc priest calls down the wrath of Beogh upon you.
Beogh smites you!
You die...
You are now level 8!
You rejoin the land of the living...
Unknown command.
Are you sure you want to abandon this character and quit the game? (Confirm with "yes".)

#.# #.#
#####.########.# #.#
#.# #.# #.# #.# #.#
#.# #.# #.# #.# #.#
#)# #.# #.#
##.########)# #.# #.#
#..........). #.# #.#
#..###......[. #.#
#.#####..##.##.......
#.#
#...@...##...##......
#.#
#####..##^^_..##.....
#.#
...##....^..##...#
#.#
#h##.##......^..##..#
#.#
#...h#.^.#####...#..#
#.#
#.#g.##.'#.#.#'^##..#
#.# #.#
h.###..#..###...# #.#
#.###.....###.....#.#
#.#
#.#....#......#.#.#.#


There were no monsters in sight!

Vanquished Creatures
  Pikel (D:4)
  Maggie (D:8)
  3 steam dragons
  5 water moccasins
  Duvessa (D:6)
  2 orc warriors
  A sky beast (D:8)
  2 necrophages
  A centaur (D:6)
  2 phantoms
  2 lemures (D:4)
  A gnoll sergeant (D:8)
  A wyvern zombie (D:8)
  2 water moccasin zombies
  A wyvern skeleton (D:7)
  Dowan (D:6)
  5 wights (D:7)
  2 centaur zombies (D:7)
  3 hounds
  2 jellies
  An orc priest (D:8)
  A bullfrog skeleton (D:6)
  A gnoll shaman (D:6)
  Ijyb (D:5)
  3 iguanas
  A killer bee zombie (D:6)
  A hound skeleton (D:4)
  14 gnolls
  6 adders
  A howler monkey skeleton (D:6)
  2 ufetubi
  An adder skeleton (D:4)
  A worm (D:3)
  A dart slug (D:2)
  28 orcs
  7 endoplasms
  2 giant cockroaches
  10 goblins
  5 hobgoblins
  2 quokkas
  6 ball pythons
  3 bats
  4 frilled lizards
  6 kobolds
  8 rats
155 creatures vanquished.

Vanquished Creatures (others)
  An orc (D:7)
  6 plants
7 creatures vanquished.

Grand Total: 162 creatures vanquished

Notes
Turn   | Place    | Note
-------+----------+-------------------------------------------
     0 | D:1      | tilp the Felid Ice Elementalist began the quest for the
                  | Orb.
     0 | D:1      | Reached XP level 1. HP: 7/7 MP: 4/4
   114 | D:1      | Reached skill level 1 in Unarmed Combat
   573 | D:1      | Reached XP level 2. HP: 11/11 MP: 4/6
   732 | D:1      | Found a faded altar of an unknown god.
  1026 | D:2      | Reached XP level 3. HP: 9/14 MP: 1/7
  1030 | D:2      | Learned a level 3 spell: Frozen Ramparts
  2244 | D:2      | Reached XP level 4. HP: 18/18 MP: 3/8
  2256 | D:2      | Learned a level 3 spell: Ozocubu's Armour
  2909 | D:3      | Found a runed translucent door.
  2914 | D:3      | Noticed Tenar's ghost (amateur DsEE)
  3483 | D:3      | Reached XP level 5. HP: 21/21 MP: 10/10
  3501 | D:3      | Found a sacrificial altar of Ru.
  3641 | D:3      | Became a worshipper of Ru the Awakened
  3778 | D:4      | Reached skill level 5 in Ice Magic
  3923 | D:4      | Noticed a phantom
  4114 | D:4      | Noticed an ogre
  4289 | D:4      | Noticed a lemure
  4434 | D:4      | Noticed a lemure
  4455 | D:4      | Killed a lemure
  4535 | D:4      | Noticed a lemure
  4561 | D:4      | Killed a lemure
  4725 | D:4      | Noticed Pikel
  4725 | D:4      | Noticed a lemure
  4743 | D:4      | Killed Pikel
  4744 | D:4      | Reached skill level 1 in Fighting
  4744 | D:4      | Reached skill level 3 in Stealth
  4744 | D:4      | Gained mutation: You are covered in thick fur. (AC +2)
                  | [Felid growth]
  4744 | D:4      | Reached XP level 6. HP: 14/25 MP: 0/13
  4744 | D:4      | Reached XP level 7. HP: 16/28 MP: 0/14
  4780 | D:4      | Learned a level 4 spell: Hailstorm
  4950 | D:4      | Reached skill level 4 in Stealth
  5833 | D:5      | Entered Level 5 of the Dungeon
  6003 | D:5      | Reached skill level 5 in Stealth
  6089 | D:5      | Noticed Ijyb
  6094 | D:5      | Killed Ijyb
  6518 | D:5      | Gained mutation: You cannot train Dodging skill. [Ru
                  | sacrifice]
  6518 | D:5      | Reached * piety under Ru
  6518 | D:5      | Reached ** piety under Ru
  6538 | D:5      | Reached skill level 6 in Stealth
  6538 | D:5      | Reached XP level 8. HP: 33/33 MP: 7/15
  6695 | D:5      | Reached skill level 1 in Conjurations
  7630 | D:6      | Reached skill level 7 in Stealth
  7886 | D:6      | Found a runed translucent gate.
  7886 | D:6      | Found a runed translucent gate.
  7889 | D:6      | Found a runed translucent gate.
  8024 | D:6      | Reached skill level 8 in Stealth
  8262 | D:6      | Noticed Athor's ghost (novice VSBr)
  8272 | D:6      | Identified the +4 long sword "Duuvohiu" {venom, rElec rN+
                  | Str+4 Dex-4}
  8331 | D:6      | Found a shimmering altar of Xom.
  8338 | D:6      | Found a glowing golden altar of the Shining One.
  8338 | D:6      | Found a blossoming altar of Fedhas.
  8413 | D:6      | Noticed Dowan
  8419 | D:6      | Noticed Duvessa
  8422 | D:6      | Killed Dowan
  8423 | D:6      | Reached skill level 9 in Stealth
  8428 | D:6      | Killed Duvessa
  9040 | D:7      | Reached skill level 10 in Stealth
  9571 | D:7      | Reached XP level 9. HP: 36/36 MP: 16/16
  9574 | D:7      | Learned a level 2 spell: Blink
  9611 | D:7      | Reached skill level 1 in Translocations
 10037 | D:7      | Reached skill level 5 in Spellcasting
 10539 | D:7      | Found a staircase to the Ecumenical Temple.
 11577 | D:8      | Identified the +9 broad axe "Mufocik" {flame, rC++ rN+
                  | rCorr}
 11655 | D:8      | Noticed Maggie
 11758 | D:8      | Killed from afar by a steam dragon
 11759 | D:8      | Reached XP level 8. HP: -5/33 MP: 17/17
 11896 | D:8      | Gained mutation: You are slightly weak-willed. (Will-) [Ru
                  | sacrifice]
 11896 | D:8      | Reached *** piety under Ru
 11896 | D:8      | Reached **** piety under Ru
 12184 | D:8      | Noticed Joseph
 13082 | D:8      | Reached XP level 9. HP: 28/36 MP: 14/18
 13699 | D:8      | Killed Maggie
 13832 | D:8      | Found a sparkling altar of Nemelex Xobeh.
 13853 | D:8      | Noticed Grum
 14096 | D:8      | Killed from afar by an orc priest
 14097 | D:8      | Reached XP level 8. HP: -1/33 MP: 18/18
 14098 | D:8      | Quit the game

Illustrated notes

Levels and vault maps discovered:
D:1:      eino_arrival_water_cross, layout_basic,
          hellmonk_ecumenical_altar_pennies_from_heaven, serial_bayou_crossing
D:2:      layout_rooms
D:3:      layout_loops_ring, overflow_temple_1_default, ebering_ghost_sewer_d
D:4:      layout_basic, uniq_pikel
D:5:      layout_basic, chequers_big_river, minmay_misc_feat_square, uniq_ijyb
D:6:      layout_loops_corners, gammafunk_temple_overflow_forgotten,
          biasface_ghost_orc_armoury, uniq_duvessa
D:7:      layout_rooms, minmay_temple_entry_statues_fountains
D:8:      layout_basic, nemelex_spade_bored_becter, uniq_grum, uniq_joseph,
          uniq_maggie
D:9:      layout_rooms, trog_wizard, erik_lair_island, grunt_ministairs_2,
          kennysheep_generic_room_2, uniq_prince_ribbit1

Skill      XL: |  1  2  3  4  5  6  7  8  9 |
---------------+----------------------------+-----
Unarmed Combat | 1 2 3 4 |  4.0
Ice Magic      | 4 6 7 |  7.6
Spellcasting   | 3 4 6 |  6.0
Fighting       | 1 2 |  2.0
Dodging        | 3 0 |  0.0
Stealth        | 3 6 10 | 10.0
Conjurations   | 4 3 |  4.5
Translocations | 4 3 |  4.0

Action                   |  1- 3 |  4- 6 |  7- 9 || total
-------------------------+-------+-------+-------++-------
Melee: Unarmed           |    15 |    28 |   233 ||   276
       Bite              |       |     1 |    15 ||    16
       Punch             |       |       |     6 ||     6
 Cast: Freeze            |    41 |    34 |    56 ||   131
       Frozen Ramparts   |     4 |    11 |    26 ||    41
       Ozocubu's Armour  |       |     7 |    41 ||    48
       Hailstorm         |       |       |    19 ||    19
       Blink             |       |       |     1 ||     1
Invok: Sacrifice Nimblen |       |       |     1 ||     1
       Sacrifice Essence |       |       |     1 ||     1
Evoke: Wand              |       |       |     8 ||     8
  Use: Scroll            |     4 |     2 |    13 ||    19
       Potion            |     2 |       |       ||     2
 Stab: Sleeping          |     2 |     4 |    16 ||    22
       Distracted        |       |     1 |     1 ||     2
       Invisible         |       |       |     2 ||     2
Armor: Skin              |     5 |     4 |    53 ||    62
Dodge: Dodged            |    65 |    36 |   200 ||   301

Table legend: (Time is in decaauts)
 A = Elapsed time spent in this place.
 B = Non-inter-level travel time spent in this place.
 C = Inter-level travel time spent in this place.
 D = Time resting spent in this place.
 E = Time spent auto-exploring this place.
 F = Levels seen in this place.
 G = Mean time per level.
                   A        B        C        D        E       F      G
               +--------+--------+--------+--------+--------+-----+--------+
         Total |  12829 |  12338 |    491 |   4491 |   6279 |   9 | 1425.4 |
       Dungeon |  12829 |  12338 |    491 |   4491 |   6279 |   9 | 1425.4 |
               +--------+--------+--------+--------+--------+-----+--------+

Top non-repeatable levels by time:
     D:8: 2188 daAuts
     D:6: 1880 daAuts
     D:7: 1863 daAuts
     D:4: 1855 daAuts
     D:1: 1691 daAuts
     D:5: 1543 daAuts
     D:3: 1112 daAuts
     D:2: 692 daAuts
     D:9: 1 daAuts
